[Event "92nd St. Petersburg-ch Men 2019"]
[Site "Sankt Petersburg"]
[Date "2019.04.06"]
[Round "6.1"]
[White "Lobanov, Sergei"]
[Black "Smirnov, Artem"]
[Result "1-0"]
[ECO "B38"]
[WhiteElo "2528"]
[BlackElo "2413"]
[Annotator "ChessBase"]
[PlyCount "129"]
[EventDate "2019.04.01"]
[EventType "tourn"]
[EventCountry "RUS"]
[SourceTitle "playchess.com"]
[Source "ChessBase"]
[SourceQuality "1"]
[TimeControl "40/5400+30:1800+30"]

1. e4 c5 2. Nf3 Nc6 3. d4 cxd4 4. Nxd4 g6 5. c4 Bg7 6. Be3 Nf6 7. Nc3 O-O 8. Be2 d6 9. O-O Bd7 10. Qd2 Nxd4 11. Bxd4 Bc6 12. f3 Nd7 13. b4 Bxd4+ 14. Qxd4 Qb6 15. Qxb6 Nxb6 16. Rfc1 Rfc8 17. f4 Kf8 18. e5 dxe5 19. fxe5 Bd7 20. c5 Na4 21. Nxa4 Bxa4 22. b5 a6 23. Bf3 Rab8 24. c6 bxc6 25. bxc6 Rb2 26. Rc5 Rc7 27. a3 e6 28. Rac1 Ke7 29. Ra5 Bb5 30. a4 Be2 31. Bxe2 Rxe2 32. Rcc5 Rd2 33. Rxa6 Rd5 34. Rb5 Rd1+ 35. Kf2 Rc1 36. Ke3 R1xc6 37. Rxc6 Rxc6 38. Rb7+ Kf8 39. Kd3 Ra6 40. Rb4 Ra5 41. Re4 Ke7 42. Kc3 Rc5+ 43. Kb3 h5 44. Re2 Kd7 45. Rd2+ Ke7 46. Ra2 Rxe5 47. a5 Rb5+ 48. Kc4 Rb8 49. a6 f5 50. a7 Ra8 51. Kc5 f4 52. Kc6 g5 53. Kb7 Rxa7+ 54. Rxa7 e5 55. Kc6+ Ke6 56. Ra8 e4 57. Re8+ Kf5 58. Kd5 e3 59. Kd4 Kg4 60. Kd3 h4 61. Rh8 f3 62. Kxe3 fxg2 63. Kf2 Kh3 64. Kg1 g4 65. Rg8 1-0

[Event "92nd St. Petersburg-ch Men 2019"]
[Site "Sankt Petersburg"]
[Date "2019.04.06"]
[Round "6.2"]
[White "Askerov, Marat"]
[Black "Golikov, Daniil"]
[Result "1/2-1/2"]
[ECO "A20"]
[WhiteElo "2318"]
[BlackElo "2298"]
[Annotator "NA"]
[PlyCount "75"]
[EventDate "2019.04.01"]
[EventType "tourn"]
[EventCountry "RUS"]
[SourceTitle "playchess.com"]
[Source "ChessBase"]
[SourceQuality "1"]
[TimeControl "40/5400+30:1800+30"]

1. c4 e5 2. g3 Nf6 3. Bg2 c6 4. d4 e4 5. Nc3 d5 6. Bg5 {[%emt 0:00:49] LiveBook: 62 Games A20: English Opening: 1...e5} Bb4 7. cxd5 (7. Qb3 Bxc3+ 8. Qxc3 O-O 9. f3 dxc4 10. Bxf6 Qxf6 11. fxe4 c5 12. e5 cxd4 13. exf6 dxc3 14. fxg7 {½-½ (40) McShane,L (2647)-Anand,V (2783) Germany 2018}) 7... cxd5 8. Rc1 Nc6 9. Nh3 h6 10. Bxf6 Qxf6 11. Nf4 Qd6 12. e3 $146 ({Predecessor:} 12. Qb3 Be6 {1-0 (29) Teyssier,A (2235)-Ducoulombier,B (2097) ICCF email 2016}) 12... O-O 13. O-O Bxc3 $11 14. Rxc3 g5 15. Ne2 Bg4 16. f3 exf3 17. Bxf3 Bxf3 18. Rxf3 Ne7 19. Nc1 f6 20. Rc2 Rac8 21. Rcf2 Qe6 22. Nd3 b6 23. Qf1 Kg7 24. Ne5 Nc6 25. Rf5 Ne7 26. R5f3 Nc6 27. Nd3 Ne7 28. h3 Ng6 29. Kh2 Rc6 30. Nb4 Rc4 31. a3 Ne7 32. Nd3 Ng6 33. Nb4 Ne7 34. Qg2 Nc8 35. Rf5 Ne7 36. R5f3 Nc8 37. Rf5 Ne7 38. R5f3 1/2-1/2

[Event "92nd St. Petersburg-ch Men 2019"]
[Site "Sankt Petersburg"]
[Date "2019.04.06"]
[Round "6.3"]
[White "Schekachikhin, Maksim"]
[Black "Duzhakov, Ilya"]
[Result "1/2-1/2"]
[ECO "A22"]
[WhiteElo "2428"]
[BlackElo "2397"]
[Annotator "NA"]
[PlyCount "110"]
[EventDate "2019.04.01"]
[EventType "tourn"]
[EventCountry "RUS"]
[SourceTitle "playchess.com"]
[Source "ChessBase"]
[SourceQuality "1"]
[TimeControl "40/5400+30:1800+30"]

1. c4 Nf6 2. Nc3 e5 3. e3 Bb4 4. Nge2 c6 5. a3 Ba5 6. b4 Bc7 7. Bb2 d6 8. d4 O-O 9. Ng3 a5 10. d5 axb4 11. axb4 Rxa1 12. Bxa1 Na6 13. Qb1 h5 $11 14. Bd3 h4 15. Nge4 Nxe4 16. Bxe4 f5 17. Bf3 c5 18. b5 Nb8 19. O-O Nd7 20. Be2 Qe8 21. Kh1 Ba5 22. Qc2 Nf6 23. Bb2 Nh7 24. f4 Bd8 25. Bd3 e4 26. Be2 g5 27. Nd1 Qg6 28. Nf2 Qh6 29. Nh3 g4 30. Nf2 Nf6 31. Ra1 g3 32. Nh3 Ng4 33. Ra8 Bf6 34. Bxf6 Qxf6 35. Bxg4 fxg4 36. Ng5 Qxg5 37. Rxc8 Qf6 38. Rxf8+ Kxf8 39. Qc1 Kf7 40. Qe1 gxh2 41. Kxh2 Kg6 42. Qb1 Kf5 43. b6 Qh8 44. Qd1 h3 45. Kg3 Qh5 46. Qa4 hxg2 47. Qd7+ Kf6 48. Qxd6+ Kg7 49. Qd7+ Kh6 50. Qe6+ Kg7 51. Qe7+ Kg8 52. Qe6+ Kg7 53. Qd7+ Kh6 54. Qd6+ Kg7 55. Qc7+ Kh6 1/2-1/2

[Event "92nd St. Petersburg-ch Men 2019"]
[Site "Sankt Petersburg"]
[Date "2019.04.07"]
[Round "7.1"]
[White "Lesovoi, Evgenij"]
[Black "Lobanov, Sergei"]
[Result "0-1"]
[ECO "E15"]
[WhiteElo "2305"]
[BlackElo "2528"]
[Annotator "ChessBase"]
[PlyCount "110"]
[EventDate "2019.04.01"]
[EventType "tourn"]
[EventCountry "RUS"]
[SourceTitle "playchess.com"]
[Source "ChessBase"]
[SourceQuality "1"]
[TimeControl "40/5400+30:1800+30"]

1. d4 Nf6 2. Nf3 e6 3. c4 b6 4. g3 Ba6 5. b3 Bb4+ 6. Bd2 Be7 7. Bg2 c6 8. Bc3 d5 9. Nbd2 O-O 10. O-O Nbd7 11. Qc2 Rc8 12. Rfd1 c5 13. dxc5 Bxc5 14. Qb2 Qe7 15. b4 Bd6 16. cxd5 Rxc3 17. Qxc3 Nxd5 18. Qb3 Bxb4 19. Bf1 Nc5 20. Qc2 Nc3 21. Re1 Rd8 22. a3 Ba5 23. Nb3 Nxb3 24. Qxb3 Qf6 25. Rac1 h6 26. Rc2 Nd1 27. Rxd1 Rxd1 28. Rc8+ Bxc8 29. Qxd1 Qe7 30. Qd3 Qd7 31. Qc2 Bb7 32. Bg2 Qd6 33. Qb3 Bd5 34. Qd3 Qc6 35. Qa6 Qc4 36. Qxc4 Bxc4 37. Ne5 Bxe2 38. Nc6 a6 39. Nxa5 bxa5 40. f4 Kf8 41. Kf2 Bb5 42. Ke3 Ke7 43. Kd4 Kd6 44. Bb7 f6 45. h4 Bf1 46. Bc8 e5+ 47. fxe5+ fxe5+ 48. Ke4 Bb5 49. g4 Bc6+ 50. Kf5 e4 51. Bxa6 Kc5 52. Ke5 e3 53. Kf4 Kd4 54. g5 hxg5+ 55. hxg5 Be4 {[%emt 0:00:03] Ke5+ Kxe5} 0-1

[Event "92nd St. Petersburg-ch Men 2019"]
[Site "Sankt Petersburg"]
[Date "2019.04.07"]
[Round "7.2"]
[White "Shubin, Kirill"]
[Black "Levin, Evgeny A."]
[Result "1/2-1/2"]
[ECO "B52"]
[WhiteElo "2391"]
[BlackElo "2514"]
[Annotator "RC"]
[PlyCount "265"]
[EventDate "2019.04.01"]
[EventType "tourn"]
[EventCountry "RUS"]
[SourceTitle "playchess.com"]
[Source "ChessBase"]
[SourceQuality "1"]
[TimeControl "40/5400+30:1800+30"]

1. e4 c5 2. Nf3 d6 3. Bb5+ Bd7 4. c4 Nf6 5. Nc3 e6 6. d4 cxd4 7. Qxd4 a6 8. Bxd7+ Nfxd7 9. O-O Nc6 10. Qe3 Be7 11. Rd1 O-O 12. b3 Qa5 13. Bb2 b5 14. c5 Nxc5 15. Nd5 exd5 16. exd5 Rfe8 17. dxc6 Bf6 18. Qc1 Bxb2 19. Qxb2 Qc7 20. b4 Ne6 21. Rac1 a5 22. bxa5 Rxa5 23. Qd2 Ra6 24. Qxd6 Qxd6 25. Rxd6 Rxa2 26. g3 Ra6 27. Ne5 Rc8 28. f4 b4 29. f5 Nf8 30. Nd3 b3 31. Nb4 Ra4 32. Rd4 Rb8 33. Kg2 b2 34. Rb1 Rbxb4 35. c7 Rxd4 36. c8=Q Rd2+ 37. Kh3 Ra1 38. Qc3 Rxh2+ 39. Kxh2 Rxb1 40. Qc2 Rf1 41. Qxb2 Rxf5 42. Qb8 h6 43. Kg2 g6 44. Qc8 Rb5 45. Qa8 Kg7 46. Qa1+ Kh7 47. Qa7 Rf5 48. Qc7 Ne6 49. Qc3 Ng5 50. Qc4 Nf3 51. Qb4 Ne5 52. Qe4 Nd7 53. Qd4 Nf6 54. Qc4 Kg7 55. Qd4 Rd5 56. Qc3 Rf5 57. Qd4 h5 58. Qc3 Kh7 59. Qc4 Ng4 60. Qb3 Nh6 61. Qc4 Rg5 62. Kh3 Rg4 63. Qb3 Re4 64. Qd3 Re7 65. Kg2 Nf5 66. Qb3 Kg8 67. Qb8+ Kh7 68. Qb3 Kh6 69. Qa2 Rc7 70. Kf2 Kg7 71. Qb2+ Kh7 72. Qa2 Nh6 73. Qb3 Rc5 74. Kg2 Re5 75. Qc4 Re7 76. Qb3 Kg7 77. Qc3+ f6 78. Qc5 Nf5 79. Kf2 Rd7 80. Qc3 Nh6 81. Kg2 Ng4 82. Qa5 Ne5 83. Qc3 g5 84. Qb3 Rd2+ 85. Kf1 Rd3 86. Qb7+ Rd7 87. Qe4 Ng4 88. Qe8 Rf7 89. Kg2 f5 90. Qd8 Nf6 91. Qd2 Kg6 92. Qd6 Rd7 93. Qe6 Rd2+ 94. Kf1 Rd4 95. Kf2 Rd2+ 96. Kf1 Rd3 97. Kg2 Rd4 98. Qb6 Rg4 99. Kf3 Ra4 100. Kg2 Rc4 101. Qe6 Rg4 102. Kf3 h4 103. gxh4 Rf4+ 104. Kg3 Rg4+ 105. Kf3 Rxh4 106. Qc6 Rh3+ 107. Kg2 g4 108. Qb6 Rd3 109. Qb1 Rd2+ 110. Kg1 Re2 111. Qd3 Re4 112. Kg2 f4 113. Qc2 Kf5 114. Kf2 Kg5 115. Qc5+ Kg6 116. Qc2 Kf5 117. Kg2 Nd5 118. Qb1 Ne3+ 119. Kf2 Nc4 120. Kg2 Ke5 121. Qb5+ Kd6 122. Kf2 g3+ 123. Kf3 Nd2+ 124. Kg2 Rd4 125. Qb6+ Ke5 126. Qb5+ Rd5 127. Qe8+ Kd4 128. Qf7 Ke4 129. Qg6+ Kd4 130. Qf6+ Re5 131. Qxf4+ Ne4 132. Qc1 Rf5 133. Qb2+ 1/2-1/2

[Event "92nd St. Petersburg-ch Men 2019"]
[Site "Sankt Petersburg"]
[Date "2019.04.07"]
[Round "7.3"]
[White "Vlasenko, Miroslav"]
[Black "Usmanov, Vasily"]
[Result "1/2-1/2"]
[ECO "D37"]
[WhiteElo "2410"]
[BlackElo "2450"]
[Annotator "ChessBase"]
[PlyCount "86"]
[EventDate "2019.04.01"]
[EventType "tourn"]
[EventCountry "RUS"]
[SourceTitle "playchess.com"]
[Source "ChessBase"]
[SourceQuality "1"]
[TimeControl "40/5400+30:1800+30"]

1. d4 d5 2. c4 e6 3. Nc3 a6 4. cxd5 exd5 5. Nf3 Nf6 6. Bf4 Bd6 7. g3 O-O 8. Bg2 c6 9. O-O Bxf4 10. gxf4 Ne8 11. e3 Nd6 12. b4 Bg4 13. a4 Nd7 14. b5 axb5 15. axb5 Nb6 16. bxc6 bxc6 17. Qc2 Bxf3 18. Bxf3 Qd7 19. Na4 Nxa4 20. Rxa4 Nf5 21. Rxa8 Rxa8 22. h3 Ne7 23. Bg4 f5 24. Be2 Qa7 25. Bd3 g6 26. Rb1 Rb8 27. Kg2 Rxb1 28. Qxb1 Kf7 29. Kf3 Qa3 30. Bc2 h6 31. Kg2 Qa7 32. Qb4 Qc7 33. h4 h5 34. Bb3 Ke6 35. Kg3 Qa7 36. Kg2 Qa6 37. Bd1 Qb5 38. Qa3 Qb1 39. Bf3 Qb7 40. Qa5 Kd7 41. Qc5 Ke6 42. Qa5 Kd7 43. Qc5 Ke6 1/2-1/2

[Event "92nd St. Petersburg-ch Men 2019"]
[Site "Sankt Petersburg"]
[Date "2019.04.07"]
[Round "7.4"]
[White "Duzhakov, Ilya"]
[Black "Saveliev, Alexei"]
[Result "1/2-1/2"]
[ECO "E11"]
[WhiteElo "2397"]
[BlackElo "2372"]
[Annotator "NA"]
[PlyCount "121"]
[EventDate "2019.04.01"]
[EventType "tourn"]
[EventCountry "RUS"]
[SourceTitle "playchess.com"]
[Source "ChessBase"]
[SourceQuality "1"]
[TimeControl "40/5400+30:1800+30"]

1. d4 Nf6 2. c4 e6 3. Nf3 Bb4+ 4. Nbd2 O-O 5. a3 Be7 6. e4 d6 {[%emt 0:00:05] E11: Bogo-Indian} 7. Be2 Nbd7 8. O-O c5 9. d5 e5 10. Ne1 Ne8 11. Nd3 g6 12. b4 b6 13. Bb2 Ng7 {[%emt 0:00:20] [#]} 14. Qb3 $146 ({Predecessor:} 14. Kh1) 14... Bg5 15. f4 exf4 16. Nxf4 Qe7 17. Rae1 Ne5 18. Bd1 Bd7 19. g3 Rae8 20. Nf3 Bf6 21. Nxe5 Bxe5 22. Nd3 $1 Bxb2 23. Qxb2 f6 24. Bf3 Bh3 25. Rf2 Qd7 26. Nf4 Bg4 27. Bg2 Qd8 28. Qc3 Bd7 29. b5 Rf7 $14 30. h3 Qc8 31. Kh2 a6 32. a4 a5 33. Nd3 Qd8 34. Qd2 Qe7 35. Qh6 Qf8 36. Qc1 Qe7 37. Qb2 Qd8 38. Ref1 Ref8 39. Qd2 Qe8 40. Re1 Qe7 41. Ree2 Re8 42. Kg1 Qf8 43. Qc3 Qe7 44. Kf1 Nh5 45. Rf3 Ng7 46. Qb2 Qd8 47. g4 Qe7 48. Ke1 h5 49. gxh5 Nxh5 50. Kd1 Kg7 51. Kc2 Kh7 52. Kb3 Ng7 53. Re1 Rh8 54. Qf2 Kg8 55. Rg3 g5 56. Rge3 Rh4 57. Rf1 Nh5 58. Qd2 Ng7 59. Qf2 Nh5 60. Qd2 Ng7 61. Qf2 1/2-1/2

[Event "92nd St. Petersburg-ch Men 2019"]
[Site "Sankt Petersburg"]
[Date "2019.04.08"]
[Round "8.2"]
[White "Schekachikhin, Maksim"]
[Black "Smirnov, Artem"]
[Result "1/2-1/2"]
[ECO "E97"]
[WhiteElo "2428"]
[BlackElo "2413"]
[Annotator "NA"]
[PlyCount "222"]
[EventDate "2019.04.01"]
[EventType "tourn"]
[EventCountry "RUS"]
[SourceTitle "playchess.com"]
[Source "ChessBase"]
[SourceQuality "1"]
[TimeControl "40/5400+30:1800+30"]

1. d4 Nf6 2. c4 g6 3. Nc3 Bg7 4. e4 d6 5. Be2 O-O 6. Nf3 e5 7. O-O Nc6 8. d5 Ne7 9. b4 a5 {[%emt 0:00:16] LiveBook: 1261 Games} 10. Ba3 Re8 {[%emt 0:02:10] E97: King's Indian: Classical Main Line (6...e5 7 0-0 Nc6): 8 Be3 and 8 d5 Ne7, not 9 Ne1} 11. c5 ({Better is} 11. bxa5 $14 Rxa5 12. Bb4) 11... axb4 $1 12. Bxb4 dxc5 $1 13. Bxc5 c6 14. Qb3 (14. dxc6 Nxc6 15. Qxd8 Rxd8 16. Bb6 Rf8 17. Bc5 Rd8 18. Bb6 {0-1 (48) Nihal,S (2556)-Amin,B (2684) Abu Dhabi 2018}) 14... cxd5 15. Rfd1 (15. Rad1 $11) 15... Bg4 $146 ({Predecessor:} 15... Qc7 16. Bb6 Qd6 17. a4 Nd7 18. Be3 d4 19. Nb5 {0-1 (47) Vidal Melendez,I (2248)-Gascon del Nogal,J (2457) Merida 2016}) 16. exd5 Nf5 17. d6 Nd7 18. Be3 Bxf3 19. Bxf3 Nxe3 20. fxe3 e4 21. Nxe4 Bxa1 22. Rxa1 Qa5 23. Qxb7 Qe5 24. Rf1 Rad8 25. Qb3 Rf8 (25... Kg7 $17 26. Rd1 f5) 26. Rd1 Rb8 27. Qc3 Qxc3 28. Nxc3 Rfd8 29. a4 Ne5 30. a5 Rb3 31. Na4 Rb5 32. Be2 Rxa5 33. Nb6 Kg7 34. e4 Ra2 35. Kf1 Rb2 36. Na4 Rc2 37. Rd5 {[%emt 0:00:20] [#]} f6 (37... Nd7 $1 $19 {is more deadly.} 38. Bd3 Rd2) 38. Nc5 Rxd6 39. Rxd6 Rxc5 40. Kf2 g5 41. Rd2 Kg6 42. Rd8 Rc2 43. Ke3 Rc3+ 44. Kd2 Ra3 45. Rg8+ Kf7 46. Rc8 Kg7 47. Rc3 Ra4 48. Ke3 Kg6 49. Rc8 Ra3+ 50. Kf2 h5 $11 51. Rg8+ Kh7 52. Rf8 Ra2 53. Ke3 Kg7 54. Rd8 h4 55. Rd2 Ra1 56. Rd1 Ra3+ 57. Kf2 h3 58. g3 Kf7 59. Rd2 Ke6 60. Rd1 g4 61. Rd8 Kf7 62. Rd5 Ke7 63. Rd1 Nf3 64. Bxf3 Rxf3+ 65. Ke2 Ra3 66. Rd3 Ra4 67. Ke3 Ke6 68. Rd5 Ra2 69. Rd2 Ra4 70. Rb2 Rc4 71. Kf4 Ra4 72. Rb6+ Ke7 73. Rb7+ Ke6 74. Rb6+ Ke7 75. Kxg4 Rxe4+ 76. Kxh3 f5 77. Rb2 Kf6 78. Kg2 Re3 79. Kf2 Ra3 80. Rb6+ Kg7 81. h4 Kf7 82. Kg2 Kg7 83. Rb4 Kg6 84. Rb6+ Kg7 85. Rc6 Kf7 86. Kf2 Rb3 87. Ra6 Rc3 88. h5 Kg7 89. Kg2 Rb3 90. Rg6+ Kf7 91. Kh2 Ra3 92. Rg5 Kf6 93. Rg8 Kf7 94. Rg6 Rb3 95. Ra6 Kg7 96. Kg2 Rc3 97. h6+ Kh7 98. Rf6 Ra3 99. Kh3 f4 100. Rxf4 Kxh6 101. Kh4 Kg6 102. Rb4 Ra6 103. g4 Rc6 104. Rb8 Ra6 105. Rg8+ Kh7 106. Rg5 Kh6 107. Rf5 Kg6 108. Rf4 Rb6 109. g5 Ra6 110. Rf6+ Rxf6 111. gxf6 Kxf6 1/2-1/2

[Event "92nd St. Petersburg-ch Men 2019"]
[Site "Sankt Petersburg"]
[Date "2019.04.08"]
[Round "8.3"]
[White "Saveliev, Alexei"]
[Black "Golikov, Daniil"]
[Result "1-0"]
[ECO "C11"]
[WhiteElo "2372"]
[BlackElo "2298"]
[Annotator "NA"]
[PlyCount "287"]
[EventDate "2019.04.01"]
[EventType "tourn"]
[EventCountry "RUS"]
[SourceTitle "playchess.com"]
[Source "ChessBase"]
[SourceQuality "1"]
[TimeControl "40/5400+30:1800+30"]

1. e4 e6 2. d4 d5 3. Nc3 Nf6 4. e5 Nfd7 5. Nce2 c5 6. c3 Nc6 7. a3 c4 {[%emt 0:03:08] C11: French: Classical System: 4 e5 and 4 Bg5 dxe4} 8. Nf3 Be7 9. g3 (9. Nf4 Na5 10. Be3 Nb6 11. h4 Bd7 12. Nh5 Ba4 13. Qe2 Rg8 14. Bg5 h6 15. Bxe7 Qxe7 {0-1 (48) Svetushkin,D (2544)-Salgado Lopez,I (2627) Saint-Quentin 2014}) 9... b5 10. Nf4 $146 ({Predecessor:} 10. h4 h6 11. Nf4 Nb6 12. h5 Kd7 13. Bh3 Kc7 14. Be3 Qg8 15. Qc2 Na5 {1-0 (69) Pang,K (1367)-Looi,K (1640) Penang 2017}) 10... Bb7 11. h4 Na5 12. Be3 Nb3 13. Rb1 h6 14. Bh3 Qb6 15. O-O a5 16. Nd2 Nxd2 17. Qxd2 O-O-O 18. Kh2 h5 19. Qe2 g6 20. Bg2 a4 21. Nh3 Rdg8 22. Bg5 Qd8 23. Qd2 Rg7 24. Rbe1 Nf8 25. Bxe7 Qxe7 26. Qg5 Qxg5 27. Nxg5 Nh7 28. Nh3 Nf8 29. Bf3 Kd8 30. Kg2 Ke7 31. Rh1 Rgh7 32. Bd1 Rh6 33. Rh2 Nd7 34. Reh1 Kf8 35. Nf4 Kg7 36. f3 Kf8 37. Bc2 Ke7 38. Rh3 Nf8 39. g4 hxg4 40. fxg4 Bc6 41. g5 R6h7 42. Kg3 Be8 43. h5 Rg7 44. Kg4 Bd7 45. Ng2 Be8 46. Ne3 Rgh7 47. Ng2 Rg7 48. R1h2 Bd7 49. Rh4 Be8 50. Nf4 Rgh7 51. R2h3 Rg7 52. Rh1 Rgh7 53. R1h2 $18 Rg7 54. Ng2 Rgh7 55. R4h3 Rg7 56. Bb1 Bd7 57. Rh4 Be8 58. Kf3 Rgh7 59. Nf4 Rg7 60. Kg3 Bd7 61. Ng2 Be8 62. Ne3 Rgh7 63. Kg4 Bd7 64. Bc2 Be8 65. Bd1 Bd7 66. Bf3 Bc6 67. Ng2 Rg7 68. Nf4 Rhg8 69. R4h3 Rh8 70. Rh1 Bd7 71. Be2 Be8 72. Bd1 Bd7 73. Bc2 Be8 74. Bb1 Bd7 75. Ba2 Be8 76. R1h2 Bd7 77. Bb1 Be8 78. Ne2 Bd7 79. Ng3 Be8 80. Nh1 Rgh7 81. Nf2 Rg7 82. Rh4 Rgh7 83. Bc2 Bd7 84. R4h3 Rg7 85. Rh1 Be8 86. Bd1 Rgh7 87. Bf3 Bc6 88. R3h2 Be8 89. Be2 Bc6 90. Bd1 Be8 91. Bc2 Bd7 92. Rh3 Rg7 93. Kf4 Rgh7 94. hxg6 Rxh3 95. Nxh3 fxg6 96. Kg4 Be8 97. Rf1 Bf7 98. Kg3 Rh7 99. Bd1 Nd7 100. Nf2 Nf8 101. Ng4 Rh8 102. Nh6 Rh7 103. Bc2 Rg7 104. Kg4 Be8 105. Rf6 Nh7 106. Rf2 Nf8 107. Kh4 Bf7 108. Rf6 Be8 109. Kg4 Nd7 110. Rf2 Nf8 111. Rh2 Bf7 112. Bd1 Rh7 113. Kg3 Rg7 114. Rh1 Nh7 115. Kh4 Nf8 116. Rf1 Be8 117. Rf6 Bd7 118. Bg4 Rh7 119. Kg3 Rg7 120. Bh3 Nh7 121. Kh4 Nf8 122. Rf2 Rh7 123. Kg3 Rg7 124. Ng4 Bc6 125. Nf6 Be8 126. Bg4 Bc6 127. Rh2 Kf7 128. Rh8 Ke7 129. Kf4 Kf7 130. Rxf8+ Kxf8 131. Bxe6 Re7 132. Bxd5 Bxd5 133. Nxd5 Rh7 134. e6 Rh2 135. Ke5 Rxb2 136. Kd6 Re2 137. Kd7 Re4 138. Nb4 Kg7 139. d5 Re3 140. d6 Re5 141. Nc6 Re3 142. e7 Kf7 143. Nd8+ Kg8 144. Ne6 1-0

[Event "92nd St. Petersburg-ch Men 2019"]
[Site "Sankt Petersburg"]
[Date "2019.04.08"]
[Round "8.4"]
[White "Usmanov, Vasily"]
[Black "Duzhakov, Ilya"]
[Result "1-0"]
[ECO "E20"]
[WhiteElo "2450"]
[BlackElo "2397"]
[Annotator "ChessBase"]
[PlyCount "115"]
[EventDate "2019.04.01"]
[EventType "tourn"]
[EventCountry "RUS"]
[SourceTitle "playchess.com"]
[Source "ChessBase"]
[SourceQuality "1"]
[TimeControl "40/5400+30:1800+30"]

1. d4 e6 2. c4 Nf6 3. Nc3 Bb4 4. Bd2 b6 5. e4 Bxc3 6. Bxc3 Nxe4 7. Qg4 d5 8. cxd5 exd5 9. Qxg7 Qf6 10. Qxf6 Nxf6 11. f3 Bb7 12. Kf2 O-O 13. Ne2 Nbd7 14. Nf4 Rfe8 15. g4 Nf8 16. g5 N6d7 17. h4 Ne6 18. Nh5 a6 19. Bh3 c5 20. Rad1 Rac8 21. Rhe1 Kf8 22. Bf5 cxd4 23. Bxd4 Rc4 24. Nf6 Nxf6 25. Bxf6 Kg8 26. h5 Rf4 27. Bg4 h6 28. Kg3 hxg5 29. Bxg5 Rb4 30. b3 Bc6 31. Bd2 Rb5 32. Rc1 Rc5 33. Bb4 Rxc1 34. Rxc1 Bb5 35. h6 Kh7 36. Bd2 Bd3 37. Rc6 Nd4 38. Rxb6 Re2 39. Bc3 Nf5+ 40. Bxf5+ Bxf5 41. Rxa6 Bb1 42. a4 Re3 43. Bg7 Rxb3 44. a5 Ra3 45. Kf4 Bd3 46. Ra8 Kg6 47. Ke5 Bf1 48. f4 Re3+ 49. Kd6 Rf3 50. a6 Rxf4 51. a7 Ra4 52. Bd4 Ra6+ 53. Kc7 Kxh6 54. Rh8+ Kg5 55. a8=Q Rxa8 56. Rxa8 Kf4 57. Kd6 Ke4 58. Kc5 1-0

[Event "92nd St. Petersburg-ch Men 2019"]
[Site "Sankt Petersburg"]
[Date "2019.04.09"]
[Round "9.1"]
[White "Shubin, Kirill"]
[Black "Lobanov, Sergei"]
[Result "1/2-1/2"]
[ECO "C54"]
[WhiteElo "2391"]
[BlackElo "2528"]
[Annotator "ChessBase"]
[PlyCount "124"]
[EventDate "2019.04.01"]
[EventType "tourn"]
[EventCountry "RUS"]
[SourceTitle "playchess.com"]
[Source "ChessBase"]
[SourceQuality "1"]
[TimeControl "40/5400+30:1800+30"]

1. e4 e5 2. Nf3 Nc6 3. Bc4 Bc5 4. c3 Nf6 5. d3 d6 6. O-O a6 7. a4 O-O 8. Na3 h6 9. Be3 Bxe3 10. fxe3 Ne7 11. b4 c6 12. Bb3 Ng6 13. Nc4 Be6 14. Na5 Bxb3 15. Nxb3 d5 16. exd5 cxd5 17. Nfd2 Rc8 18. Rc1 b6 19. c4 dxc4 20. Nxc4 b5 21. axb5 axb5 22. Nb2 Nd5 23. Qd2 Qg5 24. Rce1 Rc6 25. Nc5 Rfc8 26. Nd1 Nxb4 27. Qxb4 Rxc5 28. Qb3 R8c7 29. Re2 Qg4 30. Ra2 Qd7 31. Ra8+ Kh7 32. Ra2 Qd5 33. Qxd5 Rxd5 34. Nf2 Ne7 35. Rb2 Kg6 36. e4 Rdc5 37. d4 exd4 38. Nd3 Rc3 39. Ne5+ Kh7 40. Rxf7 d3 41. Rd2 b4 42. Rxd3 b3 43. Rxc3 Rxc3 44. Rxe7 b2 45. Rb7 Rc1+ 46. Kf2 b1=Q 47. Rxb1 Rxb1 48. h4 Rb5 49. Nd3 Kg6 50. g4 Rb1 51. Ne5+ Kf6 52. Nf3 Ke6 53. h5 Kd6 54. Ke3 Kc5 55. Kf4 Rf1 56. Ke3 Rh1 57. Kf4 Kc4 58. Ne5+ Kd4 59. Nf3+ Kd3 60. Ne5+ Kd4 61. Nf3+ Kd3 62. Ne5+ Kd4 1/2-1/2

[Event "92nd St. Petersburg-ch Men 2019"]
[Site "Sankt Petersburg"]
[Date "2019.04.09"]
[Round "9.2"]
[White "Vlasenko, Miroslav"]
[Black "Lesovoi, Evgenij"]
[Result "1-0"]
[ECO "E22"]
[WhiteElo "2410"]
[BlackElo "2305"]
[Annotator "NA"]
[PlyCount "41"]
[EventDate "2019.04.01"]
[EventType "tourn"]
[EventCountry "RUS"]
[SourceTitle "playchess.com"]
[Source "ChessBase"]
[SourceQuality "1"]
[TimeControl "40/5400+30:1800+30"]

1. d4 Nf6 2. c4 e6 3. Nc3 Bb4 4. Qb3 c5 5. dxc5 Bxc5 6. Nf3 O-O 7. Bg5 {[%emt 0:00:31] E22: Nimzo-Indian: 4 Qb3} Be7 (7... Nc6 8. e3 b6 9. Rd1 Be7 10. Bd3 Bb7 11. O-O h6 12. Bh4 Na5 13. Qc2 Rc8 14. Qe2 Bxf3 15. gxf3 d5 16. cxd5 Nxd5 17. Bxe7 Nxc3 18. Bxd8 Nxe2+ 19. Bxe2 Rfxd8 {½-½ (27) Piket,J (2632)-Gelfand,B (2712) Monte Carlo 2001}) 8. e4 d6 9. Rd1 Qc7 $146 ({Predecessor:} 9... Nbd7 10. Be2 a6 11. O-O Qc7 12. Bf4 b6 13. Qc2 Rd8 14. Qd3 Nc5 {½-½ (26) Bosch,J (2415)-Pilgaard,K (2377) Gelsenkirchen 2000}) 10. Nb5 Qc6 11. Qc2 (11. Bxf6 $5 gxf6 12. Qe3 $14) 11... Nbd7 12. Nfd4 Qc5 13. Be3 Qb4+ 14. Rd2 Ng4 15. Bf4 Nde5 16. h3 g5 17. Bg3 Nf6 18. a3 Qa5 {[%emt 0:07:06] [#]} 19. c5 $1 Nfd7 20. Nb3 Qd8 $18 21. Nxd6 1-0

[Event "92nd St. Petersburg-ch Men 2019"]
[Site "Sankt Petersburg"]
[Date "2019.04.09"]
[Round "9.4"]
[White "Golikov, Daniil"]
[Black "Usmanov, Vasily"]
[Result "1/2-1/2"]
[ECO "E11"]
[WhiteElo "2298"]
[BlackElo "2450"]
[Annotator "ChessBase"]
[PlyCount "85"]
[EventDate "2019.04.01"]
[EventType "tourn"]
[EventCountry "RUS"]
[SourceTitle "playchess.com"]
[Source "ChessBase"]
[SourceQuality "1"]
[TimeControl "40/5400+30:1800+30"]

1. d4 e6 2. c4 Bb4+ 3. Bd2 a5 4. Nf3 d5 5. a3 Bxd2+ 6. Nbxd2 Nf6 7. e3 O-O 8. Bd3 b6 9. O-O Bb7 10. Qc2 Nbd7 11. Rfc1 c5 12. cxd5 exd5 13. dxc5 bxc5 14. a4 Qb6 15. b3 Rfe8 16. Bb5 Rac8 17. Qb2 Re7 18. Rd1 Nb8 19. Rac1 Na6 20. Nf1 Nb4 21. Ng3 Qe6 22. Rc3 Rec7 23. Rdc1 Ne4 24. Nxe4 Qxe4 25. Qb1 Qxb1 26. Rxb1 d4 27. exd4 Bxf3 28. gxf3 cxd4 29. Rxc7 Rxc7 30. Rd1 Nc2 31. Bd3 g6 32. Bxc2 Rxc2 33. Rxd4 Rc3 34. Kg2 Rxb3 35. Rd5 Ra3 36. Rxa5 Kg7 37. Kg3 h5 38. Ra8 g5 39. a5 g4 40. Kh4 Rxf3 41. Kxh5 Rxf2 42. Kxg4 Rxh2 43. a6 1/2-1/2

[Event "92nd St. Petersburg-ch Men 2019"]
[Site "Sankt Petersburg"]
[Date "2019.04.10"]
[Round "10.2"]
[White "Saveliev, Alexei"]
[Black "Askerov, Marat"]
[Result "0-1"]
[ECO "B13"]
[WhiteElo "2372"]
[BlackElo "2318"]
[Annotator "NA"]
[PlyCount "80"]
[EventDate "2019.04.01"]
[EventType "tourn"]
[EventCountry "RUS"]
[SourceTitle "playchess.com"]
[Source "ChessBase"]
[SourceQuality "1"]
[TimeControl "40/5400+30:1800+30"]

1. e4 c6 2. d4 d5 3. exd5 cxd5 4. Bd3 Nc6 5. c3 Qc7 6. h3 e6 {[%emt 0:01:34] B13: Caro-Kann: Exchange Variation and Panov-Botvinnik Attack} (6... g6 7. Qc2 f6 8. Ne2 e5 9. O-O Nge7 10. dxe5 fxe5 11. c4 e4 12. Bxe4 dxe4 13. Nbc3 Bg7 14. Nd5 Qd6 {0-1 (29) Aronian,L (2767)-Howell,D (2685) Caleta 2019}) 7. Nf3 Bd6 8. O-O Nge7 9. Re1 Bd7 10. a4 f6 11. c4 Kf7 $146 (11... O-O $11) ({Predecessor:} 11... Nb4 12. c5 Bf4 13. Nc3 a6 14. Bb1 Bxc1 15. Qxc1 {½-½ (53) Khavsky,S (2322)-Solovjova,V (2221) St Petersburg 2008}) 12. Nc3 a6 13. b3 Bb4 14. Bb2 Rad8 15. Rc1 Bc8 16. Re2 Qf4 17. Na2 Ba5 18. Qc2 (18. Ba3 $16) 18... g5 19. Rd1 (19. Bxh7 g4 $19) 19... h6 20. Qb1 Qc7 $14 21. Bc2 h5 22. c5 Nb4 23. Ba3 Nxc2 24. Qxc2 Qf4 25. Nc1 Bc7 26. Nd3 Qf5 27. Bc1 Ng6 28. c6 b6 29. Nh2 g4 30. Nf1 gxh3 31. Ne3 Qe4 32. a5 hxg2 33. Nxg2 Qg4 34. f3 Qg3 35. axb6 Bxb6 36. Ndf4 Nh4 37. Kf1 Nxf3 38. Re3 Qg4 39. c7 Rdg8 40. Qc6 Nxd4 0-1